 Dungeon Sprint DCSS version 0.22-a0-358-g7563fe7 (webtiles) character file.

1022 KristoblXynda the Carver (level 8, -26/61 HPs)
             Began as a Black Draconian Gladiator on Apr 18, 2018.
             Was an Initiate of Gozag.
             Annihilated by a komodo dragon (31 damage)
             ... in the Dungeon (Sprint VII: "The Pits").
             The game lasted 00:03:11 (836 turns).

KristoblXynda the Carver (Black Draconian Gladiator) Turns: 836, Time: 00:03:12

Health: -26/61     AC:  6    Str: 17    XL:     8   Next: 2%
Magic:  8/8        EV: 17    Int: 10    God:    Gozag
Gold:   918        SH:  0    Dex: 13    Spells: 7/7 levels left

rFire    . . .     SeeInvis .   p - +0 long sword (holy)
rCold    . . .     Gourm    .   (no shield)
rNeg     . . .     Faith    .   (armour unavailable)
rPois    .         Spirit   .   b - +0 hat
rElec    +         Reflect  .   (no cloak)
rCorr    .         Harm     .   (no gloves)
MR       .....     NoTele   +   (no boots)
Stlth    +.........             (no amulet)
HPRegen  0.20/turn              (no ring)
MPRegen  0.11/turn              (no ring)

@: no status effects
A: breathe lightning, unfitting armour, electricity resistance, cold-blooded, AC
+6
a: Breathe Lightning, Potion Petition, Call Merchant, Bribe Branch, Renounce
Religion


You were in the Dungeon.
You worshipped Gozag.
Gozag was pleased with you.
You were not hungry.

You visited 1 branch You collected 918 gold pieces.

Inventory:

Hand Weapons
 k - a +2 falchion of freezing
 p - a +0 long sword of holy wrath (weapon)
Missiles
 c - a throwing net (quivered)
Armour
 b - a +0 hat (worn)
Scrolls
 j - a scroll of blinking
 m - 3 scrolls of remove curse
 n - 5 scrolls of amnesia
 o - a scroll of summoning
Potions
 e - 6 potions of curing
 f - 3 potions of heal wounds
 g - a potion of haste
 h - 4 potions of magic
 i - a potion of berserk rage
 l - 2 potions of invisibility
Comestibles
 d - 9 rations


   Skills:
 + Level 2.2 Fighting
 * Level 12.5 Long Blades
 - Level 8.3 Throwing
 + Level 8.6 Dodging


You had 7 spell levels left.
You didn't know any spells.

Dungeon Overview and Level Annotations

Branches:
Dungeon (1/1)

Altars:
Ashenzari
Cheibriados
Dithmenos
Elyvilon
Fedhas
Gozag
Hepliaklqana
Kikubaaqudgha
Makhleb
Nemelex Xobeh
Okawaru
Qazlal
Ru
Sif Muna
Trog
Uskayaw
Vehumet
Wu Jian
Xom
Yredelemnul
Zin
The Shining One
Beogh
Jiyva
Lugonu


Innate Abilities, Weirdness & Mutations

You can breathe wild blasts of lightning.
Your glossy black scales are hard. (AC +6)
You cannot fit into any form of body armour.
You are resistant to electric shocks. (rElec)
You are cold-blooded and may be slowed by cold attacks.


Message History

* * * LOW HITPOINT WARNING * * *
You barely miss the komodo dragon.
You tail-slap the komodo dragon, but do no damage.
The komodo dragon is severely wounded.
You barely miss the komodo dragon.
Your tail-slap misses the komodo dragon.
The komodo dragon is severely wounded.
The komodo dragon barely misses you.
You riposte.
You hit the komodo dragon but do no damage.
Your tail-slap misses the komodo dragon.
The komodo dragon is severely wounded.
Throwing (i - inventory)
c - 2 throwing nets (quivered)
Press: ? - help, Shift-Dir - straight line, f/p - komodo dragon
Aim: a komodo dragon (severely wounded)
You throw a throwing net.
The throwing net barely misses the komodo dragon.
The komodo dragon bites you!!
Ouch! That really hurt!
You die...
Your body crumbles into a pile of gold.

#)#........##.......#
#'###########.......#
#.......# #########
#..#.#..# #.##.##.#
#.......#+#
#.##.##.#(+
#..#.#(.#l#
#.......'@#
###########


You could see a komodo dragon.

Vanquished Creatures
  A deep elf mage (D)
  Prince Ribbit (D)
  A floating eye (D)
  A phantom (D)
  A big kobold (D)
  A gnoll sergeant (D)
  5 gnolls (D)
  An adder (D)
  3 river rats (D)
  An ufetubus (D)
  An ooze (D)
  A ball python (D)
  A kobold (D)
  2 bats (D)
21 creatures vanquished.

Notes
Turn   | Place    | Note
-------+----------+-------------------------------------------
     0 | D        | KristoblXynda the Draconian Gladiator began the quest for the Orb.
     0 | D        | Reached XP level 1. HP: 17/17 MP: 1/1
    38 | D        | Found a glowing golden altar of the Shining One.
    38 | D        | Found a glowing silver altar of Zin.
    38 | D        | Found a basalt altar of Yredelemnul.
    38 | D        | Found a shimmering altar of Xom.
    38 | D        | Found an ornate altar of the Wu Jian Council.
    38 | D        | Found a bloodstained altar of Trog.
    38 | D        | Found a deep blue altar of Sif Muna.
    38 | D        | Found a sacrificial altar of Ru.
    38 | D        | Found a stormy altar of Qazlal.
    38 | D        | Found an iron altar of Okawaru.
    38 | D        | Found a sparkling altar of Nemelex Xobeh.
    38 | D        | Found a burning altar of Makhleb.
    38 | D        | Found a viscous altar of Jiyva.
    38 | D        | Found a hazy altar of Hepliaklqana.
    38 | D        | Found an opulent altar of Gozag.
    38 | D        | Found a blossoming altar of Fedhas.
    38 | D        | Found a white marble altar of Elyvilon.
    38 | D        | Found a shadowy altar of Dithmenos.
    38 | D        | Found a snail-covered altar of Cheibriados.
    39 | D        | Found a radiant altar of Vehumet.
    39 | D        | Found a corrupted altar of Lugonu.
    39 | D        | Found a roughly hewn altar of Beogh.
    40 | D        | Found a hide-covered altar of Uskayaw.
    40 | D        | Found an ancient bone altar of Kikubaaqudgha.
    40 | D        | Found a shattered altar of Ashenzari.
    60 | D        | Reached skill level 4 in Long Blades
    60 | D        | Reached XP level 2. HP: 15/24 MP: 2/2
   179 | D        | HP: 1/24 [river rat (2)]
   181 | D        | Reached skill level 5 in Long Blades
   181 | D        | Reached XP level 3. HP: 1/29 MP: 3/3
   489 | D        | Became a worshipper of Gozag Ym Sagoz the Greedy
   504 | D        | Noticed a deep elf mage
   510 | D        | Noticed a jumping spider
   512 | D        | Noticed a tarantella
   513 | D        | Killed a deep elf mage
   513 | D        | Reached skill level 10 in Long Blades
   513 | D        | Reached XP level 4. HP: 36/36 MP: 4/4
   513 | D        | Reached XP level 5. HP: 41/41 MP: 5/5
   513 | D        | Reached XP level 6. HP: 48/48 MP: 6/6
   621 | D        | Noticed Prince Ribbit
   636 | D        | Reached skill level 11 in Long Blades
   636 | D        | Your scales start taking on a glossy black colour.
   636 | D        | Reached XP level 7. HP: 28/55 MP: 0/7
   636 | D        | Gained mutation: You are resistant to electric shocks. (rElec) [Black Draconian growth]
   656 | D        | Paralysed by a floating eye for 2 turns
   676 | D        | Reached skill level 12 in Long Blades
   684 | D        | Killed Prince Ribbit
   684 | D        | Reached XP level 8. HP: 39/61 MP: 5/8
   814 | D        | Noticed a komodo dragon
   836 | D        | Annihilated by a komodo dragon

Vault maps used:
D:        pitsprint

Skill      XL: |  1  2  3  4  5  6  7 |
---------------+----------------------+-----
Long Blades    | 4 5 10 11 12 | 12.5
Throwing       | 2 3 6 7 8 |  8.3
Dodging        | 3 7 8 |  8.6
Fighting       | |  2.2

Action                   |  1- 3 |  4- 6 |  7- 9 || total
-------------------------+-------+-------+-------++-------
Melee: Falchion          |    23 |     2 |    17 ||    42
       Tailslap          |     3 |     1 |     9 ||    13
       Long sword        |     1 |     6 |    37 ||    44
Throw: Throwing net      |       |       |     2 ||     2
 Abil: Breathe Lightning |       |       |     2 ||     2
  Use: Potion            |     1 |     1 |     3 ||     5
 Stab: Sleeping          |     1 |       |       ||     1
       Held in net/web   |       |       |     2 ||     2
Armor: Skin              |     2 |       |    10 ||    12
Dodge: Dodged            |    15 |     8 |    32 ||    55
       Rpst.: Falchion   |     5 |       |     4 ||     9
       Long sword        |     1 |       |     6 ||     7

Table legend:
 A = Spawn XP
 B = Non-spawn XP
 C = Spawn XP percentage of total XP
 D = Spawn monster count
 E = Non-spawn monster count
 F = Spawn count percentage of total count
 G = Total turns spent on level
                    A         B        C        D         E        F      G
               +---------+---------+-------+---------+---------+-------+---------
         Total |       0 |    1461 |   0.0 |       0 |      21 |   0.0 |   836
               +---------+---------+-------+---------+---------+-------+---------
             D |       0 |    1461 |   0.0 |       0 |      21 |   0.0 |   836
               +---------+---------+-------+---------+---------+-------+---------
